 Dungeon Crawl Stone Soup version 0.27-a0-25-g087482e4d5 (webtiles) character file.

Game seed: 7899597524793819379

95 Jerry the Cudgeller (level 4, 0/45 HPs)
             Began as a Troll Monk on Jan 3, 2021.
             Slain by a scorpion (4 damage)
             ... on level 5 of the Dungeon.
             The game lasted 00:11:37 (1913 turns).

Jerry the Cudgeller (Troll Monk)                    Turns: 1913, Time: 00:11:38

Health: 0/45       AC:  6    Str: 19    XL:     4   Next: 39%
Magic:  3/3        EV: 11    Int:  7    God:
Gold:   200        SH:  0    Dex: 12    Spells: 3/3 levels left

rFire    . . .     SeeInvis +   g - +1 whip
rCold    . . .     Faith    .   (no shield)
rNeg     + . .     Spirit   .   b - +0 robe
rPois    .         Reflect  .   (helmet restricted)
rElec    .         Harm     .   (no cloak)
rCorr    .         Rampage  .   (gloves unavailable)
Will     .....                  (boots unavailable)
Stlth    ++........             (no amulet)
HPRegen  0.55/turn              f - ring of see invisible
MPRegen  0.08/turn              q - ring of positive energy

@: hasted, very quick
A: large, unfitting armour, claws 3, regeneration 1, shaggy fur 1, tough skin 3
a: no special abilities


You were on level 5 of the Dungeon.
You visited 1 branch of the dungeon, and saw 5 of its levels.

You collected 200 gold pieces.

Inventory:

Hand Weapons
 e - a +0 hunting sling
 g - a +1 whip (weapon)
Missiles
 n - 60 stones
Armour
 b - a +0 robe (worn)
Jewellery
 f - a ring of see invisible (left claw)
 q - a ring of positive energy (right claw)
Scrolls
 i - 2 scrolls of random uselessness {unknown}
 k - a scroll of enchant weapon
 l - a scroll of fear {unknown}
 p - a scroll of remove curse
 r - a scroll of fog {unknown}
 w - a scroll of identify
 x - a scroll of magic mapping {unknown}
 y - a scroll of enchant armour {unknown}
Potions
 a - a potion of curing
 j - 2 potions of haste
 m - a potion of brilliance {unknown}
 o - a potion of cancellation {unknown}
 s - a potion of ambrosia {unknown}
 t - a potion of invisibility {unknown}
 u - a potion of magic {unknown}
 v - a potion of heal wounds {unknown}


   Skills:
 + Level 3.0 Fighting
 * Level 3.9 Maces & Flails
 + Level 3.0 Dodging
 - Level 1.0 Stealth


You had 3 spell levels left.
You didn't know any spells.
Your spell library contained the following spells:

 Spells                   Type           Power        Failure   Level
 Corona                   Hex            0%           43%         1
 Ensorcelled Hibernation  Hex/Ice        0%           56%         2
 Confusing Touch          Hex            0%           80%         3
 Dazzling Flash           Conj/Hex       0%           80%         3
 Tukima's Dance           Hex            0%           80%         3


Dungeon Overview and Level Annotations

Branches:
Dungeon (5/15)
 Temple: D:4-7

Altars:
Ashenzari
Dithmenos
Elyvilon
Qazlal
Ru
Vehumet
Xom
Zin
The Shining One

Annotations:
D:4 Grinder, Ijyb
D:5 1 runed translucent door


Innate Abilities, Weirdness & Mutations

You are too large for most types of armour.
You have claws for hands.
Your natural rate of healing is unusually fast.
You are covered in fur. (AC +1)
You have extremely tough skin. (AC +3)


Message History

Found a scroll of identify.
Found a runed translucent door.
There is a stone staircase leading up here.
Found a scroll of identify.
A dart slug comes into view.
You hit the scorpion.
The scorpion is lightly wounded.
You hit the scorpion but do no damage.
The scorpion is lightly wounded.
The scorpion stings you!
* * * LOW HITPOINT WARNING * * *
You hit the scorpion.
The scorpion is heavily wounded.
The scorpion stings you.
* * * LOW HITPOINT WARNING * * *
You hit the scorpion but do no damage.
The scorpion is heavily wounded.
You barely miss the scorpion.
The scorpion is heavily wounded.
The scorpion stings you.
You die...

#.. # #### .. #.
..## ..# #..##..#
..# #......# w..#
?..###<.##...#
+.............##.
#.##.....@.......
........s.......
..##.........#.#.
. #.........# .
#.........#
#.........#
###########


You could see a scorpion and a dart slug.

Vanquished Creatures
  4 adders
  An adder zombie (D:2)
  2 worms (D:2)
  A dart slug (D:1)
  4 leopard geckos
  An orc (D:2)
  4 giant cockroaches
  4 goblins
  4 hobgoblins
  2 jackals (D:2)
  2 ball pythons (D:3)
  A bat (D:1)
  4 frilled lizards
  5 kobolds
  8 rats
47 creatures vanquished.

Notes
Turn   | Place    | Note
-------+----------+-------------------------------------------
     0 | D:1      | Jerry the Troll Monk began the quest for the Orb.
     0 | D:1      | Reached XP level 1. HP: 22/22 MP: 0/0
   120 | D:1      | Reached XP level 2. HP: 19/29 MP: 1/1
   935 | D:2      | Reached XP level 3. HP: 36/36 MP: 2/2
   966 | D:2      | Found a radiant altar of Vehumet.
  1348 | D:2      | Reached XP level 4. HP: 36/44 MP: 3/3
  1379 | D:2      | Found a shimmering altar of Xom.
  1663 | D:3      | Found a glowing golden altar of the Shining One.
  1664 | D:3      | Found a glowing silver altar of Zin.
  1670 | D:3      | Found a white marble altar of Elyvilon.
  1670 | D:3      | Found a shadowy altar of Dithmenos.
  1672 | D:3      | Found a stormy altar of Qazlal.
  1673 | D:3      | Found a sacrificial altar of Ru.
  1675 | D:3      | Found a broken altar of Ashenzari.
  1834 | D:3      | You fall into a shaft and drop 1 floor!
  1837 | D:4      | Noticed Grinder
  1837 | D:4      | Noticed Ijyb
  1844 | D:4      | Paralysed by Grinder for 5 turns
  1859 | D:4      | Paralysed by Grinder for 3 turns
  1867 | D:4      | Paralysed by Grinder for 7 turns
  1891 | D:4      | Paralysed by Grinder for 4 turns
  1906 | D:5      | Entered Level 5 of the Dungeon
  1906 | D:5      | Found a runed translucent door.
  1913 | D:5      | Slain by a scorpion

Illustrated notes

Levels and vault maps discovered:
D:1:      saegor_arrival_miasma, layout_loops_cross
D:2:      layout_loops_ring, vehumet_crystals, tgw_xom
D:3:      layout_basic, minitemple, gup_sewer_entry_bowl,
          kennysheep_generic_room_13
D:4:      kennysheep_big_flooded_room, layout_loops_ring, minivault_14,
          uniq_ijyb, uniq_grinder
D:5:      minmay_chambers_of_fours, layout_rooms, ebering_ghost_sewer_f,
          serial_bayou_pond_d, kennysheep_generic_room_9

Skill      XL: |  1  2  3  4 |
---------------+-------------+-----
Maces & Flails | 3 |  3.9
Dodging        | 3 |  3.0
Fighting       | 3 |  3.0
Stealth        | |  1.0

Action                   |  1- 3 |  4- 6 || total
-------------------------+-------+-------++-------
Melee: Mace              |    32 |       ||    32
       Whip              |   124 |    72 ||   196
 Fire: Hunting sling     |    14 |       ||    14
  Use: Scroll            |     5 |     1 ||     6
       Potion            |       |     3 ||     3
 Stab: Sleeping          |     3 |     1 ||     4
Armor: Robe              |    64 |    13 ||    77
       Skin              |       |    42 ||    42
Dodge: Dodged            |    93 |    15 ||   108

Table legend: (Time is in decaauts)
 A = Elapsed time spent in this place.
 B = Non-inter-level travel time spent in this place.
 C = Inter-level travel time spent in this place.
 D = Time resting spent in this place.
 E = Time spent auto-exploring this place.
 F = Levels seen in this place.
 G = Mean time per level.
                   A        B        C        D        E       F      G
               +--------+--------+--------+--------+--------+-----+--------+
         Total |   1898 |   1789 |    109 |     45 |   1198 |   5 |  379.6 |
       Dungeon |   1898 |   1789 |    109 |     45 |   1198 |   5 |  379.6 |
               +--------+--------+--------+--------+--------+-----+--------+

Top non-repeatable levels by time:
     D:2: 782 daAuts
     D:1: 771 daAuts
     D:3: 273 daAuts
     D:4: 66 daAuts
     D:5: 4 daAuts
